 Dungeon Crawl Stone Soup version 0.24.0-13-gcf9b319 (webtiles) character file.

Game seed: 6018136705323550273, levelgen mode: deterministic

1260 shmeve the Chopper (level 8, 0/109 HPs)
             Began as a Minotaur Berserker on Apr 9, 2020.
             Was a Priest of Trog.
             Killed by divine providence
             ... invoked by an orc priest
              (10 damage)
             ... on level 7 of the Dungeon.
             The game lasted 00:06:12 (3761 turns).

shmeve the Chopper (Minotaur Berserker)             Turns: 3761, Time: 00:06:12

Health: 0/109      AC:  9    Str: 30    XL:     8   Next: 27%
Magic:  7/7        EV: 10    Int:  4    God:    Trog [***...]
Gold:   134        SH:  0    Dex:  9    Spells: 7/7 levels left

rFire    . . .     SeeInvis .   b - +0 war axe
rCold    . . .     Gourm    .   (no shield)
rNeg     . . .     Faith    .   w - +0 chain mail
rPois    .         Spirit   .   (helmet restricted)
rElec    .         Reflect  .   (no cloak)
rCorr    .         Harm     .   (no gloves)
MR       .....                  (no boots)
Stlth    ..........             a - amulet of the acrobat
HPRegen  0.28/turn              (no ring)
MPRegen  0.10/turn              (no ring)

@: berserking, very quick
A: retaliatory headbutt, horns 2
a: Berserk, Trog's Hand, Renounce Religion


You were on level 7 of the Dungeon.
You worshipped Trog.
Trog was most pleased with you.
You were not hungry.

You visited 1 branch of the dungeon, and saw 5 of its levels.

You collected 134 gold pieces.

Inventory:

Hand Weapons
 b - a +0 war axe (weapon)
Missiles
 i - 5 boomerangs
 n - 3 silver boomerangs (quivered)
Armour
 w - a +0 chain mail (worn)
Jewellery
 a - an amulet of the acrobat (around neck)
Scrolls
 d - a scroll of enchant armour {unknown}
 e - 5 scrolls of identify
 g - 6 scrolls of teleportation {unknown}
 k - a scroll of remove curse {unknown}
 m - a scroll of enchant weapon {unknown}
 q - a scroll of random uselessness {unknown}
 s - 3 scrolls of fog {unknown}
 u - a scroll of amnesia {unknown}
Potions
 f - a potion of flight {unknown}
 h - 2 potions of heal wounds {unknown}
 j - 2 potions of lignification {unknown}
 l - a potion of mutation {unknown}
 o - 2 potions of degeneration {unknown}
 p - a potion of agility {unknown}
 r - 2 potions of curing {unknown}
 t - a potion of magic {unknown}
 v - a potion of resistance {unknown}
 x - a potion of ambrosia {unknown}
Comestibles
 c - 4 rations
 z - 2 chunks of flesh


   Skills:
 * Level 7.2 Fighting
 * Level 7.5 Axes
 + Level 3.4 Throwing
 + Level 5.0 Armour
 + Level 4.6 Dodging


You had 7 spell levels left.
You didn't know any spells.
Your spell library was empty.

Dungeon Overview and Level Annotations

Branches:
Dungeon (4/15)
 Temple: D:4-7

Altars:
Nemelex Xobeh


Innate Abilities, Weirdness & Mutations

You reflexively headbutt those who attack you in melee.
You have a pair of horns on your head.


Message History

The orc wizard flickers and vanishes!
Deactivating autopickup; reactivate with Ctrl-A.
The orc priest hits you with a +0 hand axe.
A red film seems to cover your vision as you go berserk!
You feel yourself moving faster!
You feel mighty!
You feel a lot more hungry.
The orc warrior hits you with a +0 morningstar.
You closely miss the orc warrior. You headbutt the orc warrior.
The orc warrior is lightly wounded.
You hit the orc priest.
The orc priest invokes the aid of Beogh against you.
Beogh smites you!
* * * LOW HITPOINT WARNING * * *
The orc warrior hits you with a +0 morningstar!
* * * LOW HITPOINT WARNING * * *
You slash the orc warrior!
The orc warrior is heavily wounded.
You closely miss the orc priest.
The orc priest calls down the wrath of Beogh upon you.
Beogh smites you!
You die...

#... .. ...8 .# .....
.# ...8. #.# ......
#.# ...8o.##.##
....oooo..# ≈ #@†.# ≈≈
#...# ≈≈≈ #...# ≈≈≈≈
######...###### .≈≈≈≈
#.............##..≈≈≈≈
........)..........≈≈≈
#.............###....≈
######..)###### ...
#...# .


You could see an orc warrior, 2 orc priests and 2 orcs.

Vanquished Creatures
  Pikel (D:4)
  Edmund (D:4)
  A phantom (D:4)
  An ogre (D:4)
  2 bullfrogs (D:7)
  A jelly (D:7)
  2 orc priests
  An orc wizard (D:3)
  A worker ant (D:4)
  A worker ant zombie (D:4)
  4 gnolls (D:3)
  6 adders
  2 worms (D:2)
  A dart slug (D:1)
  5 leopard geckos
  9 orcs
  3 giant cockroaches
  10 hobgoblins
  15 jackals
  3 quokkas
  2 ball pythons
  9 bats
  4 frilled lizards (D:1)
  20 goblins
  8 kobolds
  6 rats
119 creatures vanquished.

Vanquished Creatures (others)
  Robin (D:4)
  4 goblins (D:4)
  A hobgoblin (D:4)
6 creatures vanquished.

Grand Total: 125 creatures vanquished

Notes
Turn   | Place    | Note
-------+----------+-------------------------------------------
     0 | D:1      | shmeve the Minotaur Berserker began the quest for the Orb.
     0 | D:1      | Reached XP level 1. HP: 19/19 MP: 0/0
    70 | D:1      | Reached XP level 2. HP: 22/27 MP: 1/1
   654 | D:1      | Reached XP level 3. HP: 31/33 MP: 2/2
   709 | D:1      | Reached ** piety under Trog
  1699 | D:2      | Reached skill level 1 in Throwing
  1762 | D:2      | Reached XP level 4. HP: 41/41 MP: 3/3
  2080 | D:2      | Found a sparkling altar of Nemelex Xobeh.
  2289 | D:3      | Reached skill level 5 in Axes
  2292 | D:3      | Reached XP level 5. HP: 40/47 MP: 4/4
  2577 | D:3      | Reached *** piety under Trog
  2583 | D:3      | Reached skill level 5 in Fighting
  2994 | D:4      | Reached XP level 6. HP: 42/56 MP: 5/5
  2995 | D:4      | Noticed Edmund
  3004 | D:4      | Killed Edmund
  3433 | D:4      | Received a gift from Trog
  3606 | D:4      | Reached XP level 7. HP: 63/63 MP: 6/6
  3659 | D:4      | Noticed Pikel
  3662 | D:4      | Noticed Robin
  3669 | D:4      | Paralysed by Pikel for 7 turns
  3683 | D:4      | Paralysed by Pikel for 2 turns
  3691 | D:4      | Killed Pikel
  3691 | D:4      | Reached XP level 8. HP: 64/71 MP: 7/7
  3694 | D:4      | Killed Robin
  3699 | D:4      | You fall into a shaft and drop 3 floors!
  3725 | D:7      | Reached skill level 5 in Armour
  3761 | D:7      | Killed from afar by an orc priest

Levels and vault maps discovered:
D:1:      noname_arrival_rooms_in_the_neighbourhood, layout_basic,
          roderic_lattice_a
D:2:      layout_basic, nemelex_altar_shiori
D:3:      layout_rooms
D:4:      layout_basic, serial_shops, nicolae_shop_trees, uniq_edmund,
          uniq_robin, uniq_pikel
D:7:      layout_loops_cross, lemuel_crystal_altar,
          eat_drink_and_be_merry_uskayaw, temple_pool_b

Skill      XL: |  1  2  3  4  5  6  7  8 |
---------------+-------------------------+-----
Axes           | 4 5 6 7 |  7.5
Fighting       | 4 5 6 7 |  7.2
Throwing       | 1 2 3 |  3.4
Armour         | 3 4 5 |  5.0
Dodging        | 3 4 |  4.6

Action                   |  1- 3 |  4- 6 |  7- 9 || total
-------------------------+-------+-------+-------++-------
Melee: Hand axe          |    91 |    51 |       ||   142
       Headbutt          |    18 |    18 |     7 ||    43
       War axe           |       |    42 |    36 ||    78
Throw: Boomerang         |       |     5 |     4 ||     9
Invok: Berserk           |       |     2 |     2 ||     4
  Use: Scroll            |       |     2 |       ||     2
 Stab: Sleeping          |     1 |       |       ||     1
  Eat: Chunk             |     3 |     6 |       ||     9
       Ration            |       |       |     1 ||     1
Armor: Animal skin       |    18 |     7 |       ||    25
       Chain mail        |       |    29 |    20 ||    49
Dodge: Dodged            |    63 |    68 |    14 ||   145
